 Dungeon Crawl Stone Soup version 0.28.0-53-g5a82cb258f (webtiles) character file.

Game seed: 1047614960911768089

1705 catamaransam the Ruffian (level 8, -5/78 (79) HPs)
             Began as a Troll Hunter on Aug 1, 2022.
             Was an Initiate of Okawaru.
             Killed by divine providence
             ... invoked by an orc priest
              (15 damage)
             ... on level 7 of the Dungeon.
             The game lasted 00:45:06 (6545 turns).

catamaransam the Ruffian (Troll Hunter)             Turns: 6545, Time: 00:45:06

HP:   -5/78 (79)    AC:  7    Str: 21    XL:     8   Next: 73%
MP:   7/7           EV: 15    Int:  7    God:    Okawaru [......]
Gold: 262           SH:  0    Dex: 18    Spells: 7/7 levels left

rFire   . . .      SeeInvis .   a - +0 short sword
rCold   . . .      Faith    .   (no shield)
rNeg    . . .      Spirit   .   b - +0 robe
rPois   .          Reflect  .   (helmet restricted)
rElec   .          Harm     .   g - +2 cloak
rCorr   .          Rampage  .   (gloves unavailable)
Will    .....                   (boots unavailable)
Stlth   ++........              (no amulet)
HPRegen 1.03/turn               k - +4 ring of evasion
MPRegen 0.10/turn               l - +6 ring of dexterity

@: lightly drained
A: large, unfitting armour, claws 3, regeneration 1, shaggy fur 1, tough skin 1
a: Renounce Religion


You were on level 7 of the Dungeon.
You worshipped Okawaru.
Okawaru was noncommittal.
You visited 2 branches of the dungeon, and saw 8 of its levels.

You collected 262 gold pieces.

Inventory:

Hand Weapons
 a - a +0 short sword (weapon)
Missiles
 c - 8 large rocks (quivered)
 d - a throwing net
Armour
 b - a +0 robe (worn)
 g - a +2 cloak (worn)
Jewellery
 k - a +4 ring of evasion (left claw)
 l - a +6 ring of dexterity (right claw)
Wands
 t - a wand of mindburst (22)
Scrolls
 e - 4 scrolls of torment {unknown}
 h - 5 scrolls of identify {unknown}
 i - a scroll of vulnerability {unknown}
 p - a scroll of fear {unknown}
 q - 2 scrolls of teleportation {unknown}
 u - a scroll of enchant weapon {unknown}
 v - a scroll of noise {unknown}
Potions
 f - a potion of curing
 j - a potion of brilliance {unknown}
 m - a potion of mutation {unknown}
 n - 2 potions of magic {unknown}
 o - 2 potions of haste {unknown}
 r - 3 potions of heal wounds {unknown}
 s - a potion of berserk rage {unknown}


   Skills:
 + Level 4.6 Fighting
 + Level 5.8 Throwing
 + Level 1.8 Armour
 + Level 2.6 Dodging
 - Level 0.3 Stealth
 * Level 7.4 Unarmed Combat
 + Level 0.3 Spellcasting


You had 7 spell levels left.
You didn't know any spells.
Your spell library was empty.

Dungeon Overview and Level Annotations

Branches:
Dungeon (7/15)             Temple (1/1) D:6

Altars:
Ashenzari
Cheibriados
Dithmenos
Elyvilon
Fedhas
Hepliaklqana
Makhleb
Nemelex Xobeh
Okawaru
Qazlal
Ru
Sif Muna
Uskayaw
Wu Jian
Xom
Yredelemnul
Zin
The Shining One

Shops:
D:3 [


Innate Abilities, Weirdness & Mutations

You are too large for most types of armour.
You have claws for hands.
Your natural rate of healing is unusually fast.
You are covered in fur. (AC +1)
You have tough skin. (AC +1)


Message History

Beogh smites you! The phantom closely misses you.
You closely miss the phantom. The bullfrog hits you.
The phantom hits you but does no damage.
The bullfrog closely misses you.
You hit the phantom but do no damage. The bullfrog hits you.
The phantom hits you.
The phantom blinks!
You blink.
The orc priest miscasts a cantrip.
The phantom hits you but does no damage.
The phantom barely misses you. The bullfrog completely misses you.
The bullfrog barely misses you.
The orc priest mumbles some strange prayers to Beogh against you.
Beogh smites you!
* * * LOW HITPOINT WARNING * * *
You hit the bullfrog.
The bullfrog is almost dead.
The bullfrog barely misses you. The phantom hits you.
* * * LOW HITPOINT WARNING * * *
The bullfrog hits you but does no damage.
You hit the bullfrog.
You kill the bullfrog!
Okawaru accepts your kill. The phantom hits you.
* * * LOW HITPOINT WARNING * * *
You hit the phantom but do no damage. The phantom hits you.
* * * LOW HITPOINT WARNING * * *
The phantom blinks!
You blink.
The phantom hits you.
* * * LOW HITPOINT WARNING * * *
The orc priest calls down the wrath of Beogh upon you.
Pain shoots through your body!
* * * LOW HITPOINT WARNING * * *
The phantom closely misses you. The phantom completely misses you.
You see here a +0 robe.
The orc priest closely misses you.
You closely miss the phantom.
The orc priest calls down the wrath of Beogh upon you.
Beogh smites you!
You die...

###.## #.# ###.#####
#.# #.......# #.#
#.......# #.#######
#.......#######........
#.......##.........####
#.......##.........#
#.......##.........#
#.......##...W@....#
###.......##...o?....#
..........##.........#
############.........#
# #.........####
##########
#....#........
.........#
#....#........
########.#
#...).........
##'###....#........


You could see a phantom and an orc priest.

Vanquished Creatures
  An orc warrior (D:6)
  An ice beast (D:3)
  A black bear (D:5)
  A necrophage (D:6)
  An ogre (D:4)
  2 phantoms
  2 kobold brigands
  2 bullfrogs (D:7)
  A scorpion (D:5)
  A wyvern zombie (D:6)
  A howler monkey (D:4)
  A bullfrog zombie (D:6)
  A bullfrog skeleton (D:6)
  A hound (D:4)
  4 jellies
  A gnoll shaman (D:6)
  4 iguanas
  4 orc wizards
  4 gnolls
  6 adders
  A shadow imp (D:6)
  A white imp (D:4)
  An adder skeleton (D:4)
  3 worms
  3 dart slugs (D:2)
  25 orcs
  3 bats
  8 endoplasms
  6 giant cockroaches
  9 goblins
  7 hobgoblins
  3 jackals (D:4)
  6 quokkas
  5 ball pythons
  3 frilled lizards
  13 kobolds
  4 rats
141 creatures vanquished.

Vanquished Creatures (others)
  An orc wizard (D:7)
1 creature vanquished.

Grand Total: 142 creatures vanquished

Notes
Turn   | Place    | Note
-------+----------+-------------------------------------------
     0 | D:1      | catamaransam the Troll Hunter began the quest for the Orb.
     0 | D:1      | Reached XP level 1. HP: 19/19 MP: 0/0
   156 | D:1      | Reached XP level 2. HP: 24/28 MP: 1/1
   567 | D:1      | Reached XP level 3. HP: 9/35 MP: 2/2
  1194 | D:2      | Reached skill level 5 in Throwing
  1275 | D:2      | Reached XP level 4. HP: 30/42 MP: 3/3
  1523 | D:3      | Reached skill level 1 in Unarmed Combat
  1682 | D:3      | Found a faded altar of an unknown god.
  1730 | D:3      | Reached XP level 5. HP: 34/49 MP: 4/4
  1793 | D:3      | Reached skill level 2 in Unarmed Combat
  2043 | D:3      | Found a hide-covered altar of Uskayaw.
  2242 | D:3      | Found Caosk's Armour Shop.
  2315 | D:3      | Noticed an ice beast
  2326 | D:3      | Killed an ice beast
  2327 | D:3      | Reached skill level 3 in Unarmed Combat
  2327 | D:3      | Reached XP level 6. HP: 50/59 MP: 5/5
  2346 | D:3      | Found a blossoming altar of Fedhas.
  2602 | D:4      | Reached skill level 4 in Unarmed Combat
  2662 | D:4      | Found a glowing silver altar of Zin.
  2900 | D:4      | Found an iron altar of Okawaru.
  2928 | D:4      | Reached XP level 7. HP: 53/67 MP: 6/6
  3022 | D:4      | Found a burning altar of Makhleb.
  3152 | D:4      | Found a stormy altar of Qazlal.
  3239 | D:4      | Reached skill level 5 in Unarmed Combat
  3348 | D:5      | Entered Level 5 of the Dungeon
  3696 | D:5      | Reached skill level 6 in Unarmed Combat
  3803 | D:5      | Found a glowing drain.
  4507 | D:6      | Reached XP level 8. HP: 78/78 MP: 7/7
  4516 | D:6      | Found a sacrificial altar of Ru.
  4536 | D:6      | Found a staircase to the Ecumenical Temple.
  4742 | D:6      | Reached skill level 1 in Armour
  4763 | D:6      | Reached skill level 7 in Unarmed Combat
  5079 | D:6      | Found a hazy altar of Hepliaklqana.
  5092 | D:6      | Found a white marble altar of Elyvilon.
  5313 | Temple   | Entered the Ecumenical Temple
  5639 | D:4      | Became a worshipper of Warmaster Okawaru
  6545 | D:7      | Killed from afar by an orc priest

Illustrated notes

Levels and vault maps discovered:
D:1:      evilmike_arrival_plus, layout_basic, chequers_garden
D:2:      layout_basic
D:3:      layout_basic, fedhas_altar_1, nicolae_overflow_hidden_temple,
          mainiacjoe_overflow_small_starburst, serial_shops, nicolae_shop_stone,
          ebering_ecumenical_altar_abandoned, corexii_corridor_pit
D:4:      layout_rooms, makhleb_blood_cavern_becter, zin_scriptorium,
          okawaru_gym_becter, lemuel_tele_altar,
          nicolae_concentric_dashed_squares_wild
D:5:      layout_cave_pods, portal_sewer_entry_f
D:6:      minmay_general_purpose_star, layout_basic, minitemple,
          mainiacjoe_overflow_tiny_flanked, minmay_temple_entry_overgrown,
          feat_on_display
D:7:      layout_basic, uniq_menkaure, uniq_joseph
Temple:   jpeg_temple_island

Skill      XL: |  1  2  3  4  5  6  7  8 |
---------------+-------------------------+-----
Throwing       | 4 5 |  5.8
Unarmed Combat | 1 3 4 6 7 |  7.4
Fighting       | 2 3 4 |  4.6
Armour         | 1 |  1.8
Dodging        | 2 |  2.6
Stealth        | |  0.3
Spellcasting   | |  0.3

Action                   |  1- 3 |  4- 6 |  7- 9 || total
-------------------------+-------+-------+-------++-------
Melee: Short sword       |   144 |   258 |   389 ||   791
       Punch             |     1 |     2 |    22 ||    25
Throw: Large rock        |     6 |     6 |    24 ||    36
       Throwing net      |       |       |     2 ||     2
  Use: Scroll            |       |       |     1 ||     1
 Stab: Sleeping          |       |     2 |     2 ||     4
Armor: Robe              |    49 |   116 |   170 ||   335
Dodge: Dodged            |    78 |   228 |   340 ||   646
